 Dungeon Crawl Stone Soup version 0.28-a0-1382-g92835e5c71 (webtiles) character file.

Game seed: 15962050950028874695

476 Deminshera the Covert (level 7, -1/44 HPs)
             Began as a Kobold Brigand on Jan 1, 2022.
             Slain by a river rat (6 damage)
             ... in a sewer.
             The game lasted 00:05:13 (4870 turns).

Deminshera the Covert (Kobold Brigand)              Turns: 4870, Time: 00:05:14

Health: -1/44      AC:  7    Str: 10    XL:     7   Next: 32%
Magic:  7/7        EV: 12    Int: 13    God:
Gold:   206        SH:  0    Dex: 16    Spells: 6/6 levels left

rFire   . . .      SeeInvis .   a - +2 dagger
rCold   . . .      Faith    .   (no shield)
rNeg    . . .      Spirit   .   l - +0 ring mail
rPois   .          Reflect  .   (no helmet)
rElec   .          Harm     .   c - +0 cloak
rCorr   .          Rampage  .   i - +0 pair of gloves
Will    .....                   (no boots)
Stlth   ++++......              (no amulet)
HPRegen 0.14/turn               (no ring)
MPRegen 0.10/turn               (no ring)

@: brilliant, lethally poisoned (-1 -> -7)
A: small, no large weapons, nightstalker 3
a: no special abilities


You were in a sewer.
You visited 1 branch of the dungeon, and saw 5 of its levels.
You also visited: Sewer.

You collected 206 gold pieces.

Inventory:

Hand Weapons
 a - a +2 dagger (weapon)
Missiles
 d - 12 poisoned darts (quivered)
 e - 2 curare-tipped darts
Armour
 b - a +0 robe
 c - a +0 cloak (worn)
 i - a +0 pair of gloves (worn)
 l - a +0 ring mail (worn)
Scrolls
 g - 3 scrolls of silence {unknown}
 h - 3 scrolls of identify
 j - a scroll of enchant weapon {unknown}
 m - 2 scrolls of magic mapping
 n - 2 scrolls of amnesia {unknown}
 r - a scroll of enchant armour {unknown}
 t - 2 scrolls of holy word {unknown}
Potions
 f - a potion of degeneration {unknown}
 k - a potion of magic {unknown}
 p - a potion of might {unknown}
 q - a potion of cancellation {unknown}
 s - a potion of haste


   Skills:
 + Level 5.0 Fighting
 + Level 6.0 Short Blades
 - Level 2.1 Throwing
 - Level 1.2 Dodging
 + Level 8.0 Stealth


You had 6 spell levels left.
You didn't know any spells.
Your spell library contained the following spells:

 Spells                   Type           Power      Damage    Failure   Level
 Animate Skeleton         Necr           0%         N/A       63%         1
 Pain                     Necr           0%         1d4       63%         1
 Tukima's Dance           Hex            0%         N/A       94%         3
 Vampiric Draining        Necr           0%         2d6       94%         3
 Passage of Golubria      Tloc           0%         N/A       100%        4
 Yara's Violent Unravell  Hex/Tmut       0%         3d3       100%        5


Dungeon Overview and Level Annotations

Branches:
Dungeon (5/15)              Sewer (1/1)
 Temple: D:4-7

Altars:
Elyvilon
Fedhas
Kikubaaqudgha


Innate Abilities, Weirdness & Mutations

You are small and have problems with some larger weapons.
You are completely attuned to the shadows.


Message History

You throw a poisoned dart.
The poisoned dart barely misses the adder.
The poisoned dart barely misses the ball python.
The poisoned dart hits the river rat.
The river rat is moderately wounded.
The adder bites you but does no damage. The adder barely misses you.
You feel yourself slow down.
Throw: 14 darts (poison)
Press: ? - help, Q - select action, (/) - cycle Shift-Dir - straight line, f/p - river rat
Aim: a river rat (moderately wounded, 60% to hit)
You throw a poisoned dart. The poisoned dart misses the adder.
The poisoned dart closely misses the river rat.
The adder misses you. The adder barely misses you.
You hit the adder.
The adder is heavily wounded.
The adder bites you but does no damage.
The ball python bites you but does no damage.
The ball python closely misses you.
The ball python looks more healthy.
The adder closely misses you. The adder bites you.
You are poisoned.
The adder poisons you! The adder bites you but does no damage.
You feel sick.
The adder looks more healthy. x2
Throw: 13 darts (poison)
Press: ? - help, Q - select action, (/) - cycle Shift-Dir - straight line, f/p - river rat
Aim: a river rat (moderately wounded, 60% to hit)
You throw a poisoned dart.
The poisoned dart closely misses the river rat.
You hear a splash.
You feel sick. The adder bites you.
* * * LOW HITPOINT WARNING * * *
You are lethally poisoned!
The adder poisons you! The adder bites you.
* * * LOW HITPOINT WARNING * * *
It was a potion of brilliance.
You feel clever all of a sudden.
* * * LOW HITPOINT WARNING * * *
You feel sick. The adder barely misses you.
The adder bites you but does no damage. The river rat bites you.
You die...

##(..# ##.(.##
#################†..(#
≈≈≈≈≈≈≈≈≈≈≈≈≈≈≈#...((#
≈≈≈≈≈≈≈≈≈.≈≈(≈≈≈....##
≈≈≈≈≈≈≈≈#≈≈≈≈≈≈≈....#
≈≈≈≈≈≈≈≈≈#≈≈≈≈≈≈.S..#
≈≈≈≈≈≈≈.≈≈≈≈≈≈≈rSS.##
≈≈≈≈≈≈≈≈≈≈≈≈≈≈≈.@###
##################


You could see 2 adders, a river rat and a ball python.

Vanquished Creatures
  A phantom (D:3)
  A scorpion (D:5)
  3 hounds
  An orc priest (D:4)
  Jessica (D:2)
  An iguana (D:4)
  4 adders
  2 river rats (Sewer)
  A shadow imp (D:4)
  3 worms
  2 dart slugs
  11 orcs
  2 bats
  7 endoplasms
  2 giant cockroaches
  5 goblins
  12 hobgoblins
  6 jackals (D:4)
  12 kobolds
  A quokka (D:1)
  7 ball pythons
  2 frilled lizards
  11 rats
98 creatures vanquished.

Notes
Turn   | Place    | Note
-------+----------+-------------------------------------------
     0 | D:1      | Deminshera the Kobold Brigand began the quest for the Orb.
     0 | D:1      | Reached XP level 1. HP: 12/12 MP: 1/1
   278 | D:1      | Reached XP level 2. HP: 14/18 MP: 2/2
   785 | D:2      | Reached XP level 3. HP: 22/22 MP: 3/3
   828 | D:2      | Noticed Jessica
   832 | D:2      | Killed Jessica
   833 | D:2      | Reached skill level 6 in Stealth
   833 | D:2      | Reached XP level 4. HP: 28/28 MP: 4/4
  1686 | D:3      | Reached XP level 5. HP: 31/32 MP: 5/5
  2038 | D:3      | Found a faded altar of an unknown god.
  2890 | D:4      | Found a blossoming altar of Fedhas.
  2890 | D:4      | Found a white marble altar of Elyvilon.
  2890 | D:4      | Found an ancient bone altar of Kikubaaqudgha.
  3171 | D:4      | Reached XP level 6. HP: 38/38 MP: 6/6
  3175 | D:4      | Reached skill level 7 in Stealth
  3240 | D:4      | Reached skill level 5 in Short Blades
  4260 | D:4      | Reached XP level 7. HP: 36/44 MP: 7/7
  4655 | D:5      | Entered Level 5 of the Dungeon
  4698 | D:5      | Found a glowing drain.
  4704 | Sewer    | Entered a sewer
  4751 | Sewer    | Reached skill level 8 in Stealth
  4787 | Sewer    | Reached skill level 5 in Fighting
  4870 | Sewer    | Slain by a river rat

Illustrated notes

Levels and vault maps discovered:
D:1:      dpeg_arrival_arbitrary_c, layout_basic, serial_glass, glass_columns_a,
          glass_columns_b, hangedman_decor_riveting
D:2:      layout_basic, uniq_jessica
D:3:      minmay_general_purpose_star, layout_loops_ring,
          chequers_ecumenical_altar_island, amcnicky_mini_pool_small
D:4:      layout_rooms, gammafunk_temple_overflow_forgotten,
          minmay_misc_feat_diagonals, st_stairs_8
D:5:      layout_rooms, lemuel_zombie_altar_yredelemnul, portal_sewer_entry_a,
          uniq_eustachio
Sewer:    sewer_minmay_w

Skill      XL: |  1  2  3  4  5  6  7 |
---------------+----------------------+-----
Short Blades   | 3 4 5 6 |  6.0
Fighting       | 3 4 5 |  5.0
Stealth        | 6 7 8 |  8.0
Throwing       | |  2.1
Dodging        | |  1.2

Action                   |  1- 3 |  4- 6 |  7- 9 || total
-------------------------+-------+-------+-------++-------
Melee: Dagger            |    40 |   221 |    59 ||   320
Throw: Dart              |       |    24 |     9 ||    33
  Use: Scroll            |       |       |     2 ||     2
       Potion            |       |       |     2 ||     2
 Stab: Sleeping          |    11 |    19 |     3 ||    33
       Distracted        |       |     1 |       ||     1
Armor: Robe              |     7 |     1 |       ||     8
       Ring mail         |       |    58 |    36 ||    94
Dodge: Dodged            |    17 |   133 |    72 ||   222

Table legend: (Time is in decaauts)
 A = Elapsed time spent in this place.
 B = Non-inter-level travel time spent in this place.
 C = Inter-level travel time spent in this place.
 D = Time resting spent in this place.
 E = Time spent auto-exploring this place.
 F = Levels seen in this place.
 G = Mean time per level.
                   A        B        C        D        E       F      G
               +--------+--------+--------+--------+--------+-----+--------+
         Total |   4814 |   4713 |    101 |   1017 |   2935 |   6 |  802.3 |
       Dungeon |   4647 |   4546 |    101 |   1017 |   2860 |   5 |  929.4 |
         Sewer |    167 |    167 |      0 |      0 |     75 |   1 |  167.0 |
               +--------+--------+--------+--------+--------+-----+--------+

Top non-repeatable levels by time:
     D:3: 1655 daAuts
     D:4: 1395 daAuts
     D:2: 841 daAuts
     D:1: 727 daAuts
   Sewer: 167 daAuts
     D:5: 27 daAuts
